 Dungeon Crawl Stone Soup version 0.29.0-4-gdea44cf6ec (webtiles) character file.

Game seed: 13447776124271314234

56 qw the Chopper (level 3, -2/20 (21) HPs)
             Began as a Tengu Warper on Aug 28, 2022.
             Slain by a wight
             ... wielding a +0 flail
              (13 damage)
             ... on level 3 of the Dungeon.
             The game lasted 00:00:11 (2425 turns).

qw the Chopper (Tengu Warper)                       Turns: 2425, Time: 00:00:12

HP:   -2/20 (21)    AC:  3    Str: 13    XL:     3   Next: 95%
MP:   7/7           EV: 12    Int: 13    God:
Gold: 68            SH:  0    Dex: 13    Spells: 6/6 levels left

rFire   . . .      SeeInvis .   Y - +0 hand axe
rCold   . . .      Faith    .   (no shield)
rNeg    . . .      Spirit   .   b - +0 leather armour
rPois   .          Reflect  .   (helmet restricted)
rElec   .          Harm     .   (no cloak)
rCorr   .          Rampage  .   (no gloves)
Will    +....                   (boots unavailable)
Stlth   +.........              (no amulet)
HPRegen 0.06/turn               d - ring of willpower
MPRegen 0.10/turn               (no ring)

@: lightly drained
A: beak, talons 3
a: no special abilities


You were on level 3 of the Dungeon.
You visited 1 branch of the dungeon, and saw 3 of its levels.

You collected 68 gold pieces.


Innate Abilities, Weirdness & Mutations

You have a beak for a mouth.
You have claws for feet.


   Skills:
 - Level 2.0 Fighting
 + Level 4.5 Axes
 - Level 1.0 Throwing
 - Level 1.1 Armour
 - Level 2.1 Dodging
 - Level 2.0 Spellcasting
 - Level 2.4 Translocations


You had 6 spell levels left.
You didn't know any spells.
Your spell library contained the following spells:

 Spells                   Type           Power      Damage    Failure   Level
 Blink                    Tloc           14%        N/A       19%         2
 Gell's Gravitas          Tloc           7%         N/A       36%         3
 Lesser Beckoning         Tloc           7%         N/A       36%         3
 Teleport Other           Tloc           7%         N/A       36%         3
 Manifold Assault         Tloc           7%         N/A       98%         5

Inventory:

Hand Weapons
 c - a +0 whip
 Y - a +0 hand axe (weapon)
Armour
 b - a +0 leather armour (worn)
Jewellery
 d - a ring of willpower (left hand)
Potions
 a - a potion of flight {unknown}
 h - a potion of curing {unknown}
 i - a potion of haste {unknown}
 l - a potion of cancellation

Dungeon Overview and Level Annotations

Branches:
Dungeon (3/15)

Altars:


Message History

You feel less attractive to monsters.
You hit the dart slug.
The dart slug is almost dead.
The dart slug launches a dart at you. The slug dart hits you.
You hit the dart slug.
You kill the dart slug!
You start resting.
HP restored.
A kobold comes into view. It is wielding a +0 club.
The kobold shouts!
You hit the kobold but do no damage. Your kick misses the kobold.
You peck the kobold, but do no damage. The kobold hits you but does no damage.
You hit the kobold.
You kill the kobold!
Things that are here:
a +0 club; a kobold corpse A wight comes into view.
It is wielding a +0 flail and wearing a +2 robe of willpower.
Found a hand axe.
Enter note: A wight comes into view. It is wielding a +4 short sword.
2419 ||| Stepping ~*~*~tactically~*~*~ (stealth).
You barely miss the wight. You claw the wight, but do no damage.
The wight barely misses you.
2421 ||| Stepping ~*~*~tactically~*~*~ (stealth).
The wight attacks as you move away! The wight hits you with a +0 flail!
You feel drained.
You hit the wight. Your kick misses the wight.
The wight is moderately damaged.
The wight misses you.
A wight comes into view. It is wielding a +0 spear.
2423 ||| Stepping ~*~*~tactically~*~*~ (stealth).
2424 ||| Stepping ~*~*~tactically~*~*~ (stealth).
The wight attacks as you move away! The wight closely misses you.
You hit the wight but do no damage. Your kick misses the wight.
The wight is moderately damaged.
The wight hits you with a +0 flail!
Ouch! That really hurt!
You die...

##.......##
####$....z!..z
..........#
#....z#
#...######
##z.......
######.#######
#.....z######
#.###..@....#
#.#####.# # #.#
#. #.#
#####.###)#
..........#
##.###.########
# #.........
#/###.########


You could see 2 wights.

Vanquished Creatures
  An ufetubus (D:2)
  A dart slug (D:3)
  5 bats
  3 endoplasms
  2 giant cockroaches (D:1)
  5 hobgoblins
  3 jackals (D:2)
  A quokka (D:2)
  4 ball pythons
  4 frilled lizards
  3 goblins
  9 kobolds
  3 rats (D:2)
44 creatures vanquished.

Notes
Turn   | Place    | Note
-------+----------+-------------------------------------------
     0 | D:1      | qw the Tengu Warper began the quest for the Orb.
     0 | D:1      | Reached XP level 1. HP: 12/12 MP: 4/4
     0 | D:1      | 0 ||| qw: Version: 0.1-a-89-g26bdef1
     0 | D:1      | 0 ||| qw: Game counter: 1315
     0 | D:1      | 0 ||| qw: Always use a shield: true
     0 | D:1      | 0 ||| qw: God list: Okawaru
     0 | D:1      | 0 ||| qw: Allow faded altars: false
     0 | D:1      | 0 ||| qw: Do Orc after D:15 true
     0 | D:1      | 0 ||| qw: Do second Lair branch before Depths: true
     0 | D:1      | 0 ||| qw: Lair rune preference: random
     0 | D:1      | 0 ||| qw: Plans: Normal
     0 | D:1      | 0 ||| PLANNING D:1-11
    72 | D:1      | 72 ||| Stepping ~*~*~tactically~*~*~ (stealth).
    74 | D:1      | 74 ||| Stepping ~*~*~tactically~*~*~ (stealth).
    77 | D:1      | 77 ||| Stepping ~*~*~tactically~*~*~ (stealth).
   104 | D:1      | 104 ||| Stepping ~*~*~tactically~*~*~ (stealth).
   105 | D:1      | 105 ||| Stepping ~*~*~tactically~*~*~ (stealth).
   292 | D:1      | Reached XP level 2. HP: 17/17 MP: 6/6
   359 | D:1      | Reached skill level 3 in Axes
   723 | D:1      | 723 ||| UPGRADING to ring of willpower.
   724 | D:1      | 724 ||| READING scroll labelled ZUUWNO AXUNK.
   725 | D:1      | 725 ||| READING scroll labelled ANNODW UMAU.
   847 | D:1      | 847 ||| READING scroll labelled MESEZA ITEHIODY.
   848 | D:1      | 848 ||| DRINKING 2 fuming orange potions.
   849 | D:1      | 849 ||| DROPPING scroll of blinking.
   872 | D:2      | 872 ||| Stepping ~*~*~tactically~*~*~ (stealth).
   948 | D:2      | 948 ||| FLEEEEING.
   949 | D:2      | 949 ||| STAIRDANCE
  1012 | D:2      | Reached XP level 3. HP: 20/21 MP: 7/7
  1169 | D:2      | 1169 ||| Stepping ~*~*~tactically~*~*~ (stealth).
  1177 | D:2      | Reached skill level 4 in Axes
  1283 | D:2      | 1283 ||| DROPPING +0 club.
  1364 | D:2      | 1364 ||| FLEEEEING.
  1470 | D:2      | 1470 ||| Stepping ~*~*~tactically~*~*~ (stealth).
  1471 | D:2      | 1471 ||| Stepping ~*~*~tactically~*~*~ (stealth).
  1547 | D:2      | HP: 3/21 [ufetubus (3)]
  2245 | D:2      | 2245 ||| READING scroll labelled FUTRYPA JIGGOS.
  2246 | D:2      | 2246 ||| READING scroll labelled CYRIUH APEURPHEORCH.
  2347 | D:2      | 2347 ||| DRINKING 2 fizzy blue potions.
  2348 | D:2      | 2348 ||| DROPPING potion of attraction.
  2414 | D:3      | Noticed a wight
  2418 | D:3      | Noticed a wight
  2419 | D:3      | 2419 ||| Stepping ~*~*~tactically~*~*~ (stealth).
  2421 | D:3      | 2421 ||| Stepping ~*~*~tactically~*~*~ (stealth).
  2422 | D:3      | Noticed a wight
  2423 | D:3      | 2423 ||| Stepping ~*~*~tactically~*~*~ (stealth).
  2424 | D:3      | 2424 ||| Stepping ~*~*~tactically~*~*~ (stealth).
  2425 | D:3      | Slain by a wight

Levels and vault maps discovered:
D:1:      dpeg_arrival_simpleton_b, layout_rooms
D:2:      layout_loops_corners
D:3:      layout_loops_ring

Skill      XL: |  1  2  3 |
---------------+----------+-----
Axes           | 3 4 |  4.5
Fighting       | |  2.0
Throwing       | |  1.0
Armour         | |  1.1
Dodging        | |  2.1
Spellcasting   | |  2.0
Translocations | |  2.4

Action                   || total
-------------------------++-------
Melee: Hand axe          ||   101
       Kick              ||    19
       Peck              ||    12
Throw: Boomerang         ||     7
  Use: Scroll            ||     5
       Potion            ||     2
 Stab: Sleeping          ||     1
Armor: Leather armour    ||    25
Dodge: Dodged            ||    53

Table legend:
 A = Non-vault XP
 B = Vault XP
 C = Vault XP percentage of total XP
 D = Non-vault monster count
 E = Vault monster count
 F = Vault count percentage of total count
                 A         B        C        D         E       F
            +---------+---------+-------+---------+---------+-------
      Total |      80 |       0 |   0.0 |      44 |       0 |   0.0
            +---------+---------+-------+---------+---------+-------
        D:1 |      25 |       0 |   0.0 |      16 |       0 |   0.0
        D:2 |      49 |       0 |   0.0 |      26 |       0 |   0.0
        D:3 |       6 |       0 |   0.0 |       2 |       0 |   0.0
            +---------+---------+-------+---------+---------+-------
